 Dungeon Crawl Stone Soup version 0.30-b1-2-g02819fbbbe (webtiles) character file.

Game seed: 6408105966703320058

(classic levelgen) 108 EnegeticOcto the Covered (level 4, -20/41 HPs)
             Began as a Minotaur Fighter on May 9, 2023.
             Was an Initiate of Gozag.
             Demolished by Sigmund
             ... wielding a +4 scythe of distortion
              (22 damage)
             ... on level 2 of the Dungeon.
             The game lasted 00:00:42 (956 turns).

EnegeticOcto the Covered (Minotaur Fighter)          Turns: 956, Time: 00:00:43

Health: -20/41     AC:  8    Str: 22    XL:     4   Next: 58%
Magic:  3/3        EV:  9    Int:  5    God:    Gozag
Gold:   236        SH:  0    Dex: 10    Spells: 3/3 levels left

rFire   . . .        a - +0 war axe
rCold   . . .        c - +0 buckler
rNeg    . . .        b - +0 scale mail
rPois   .            (helmet restricted)
rElec   .            (no cloak)
rCorr   .            h - +0 pair of gloves
SInv    .            (no boots)
Will    .....        (no amulet) Stlth
                     (no ring)
HPRegen 0.26/turn    (no ring)
MPRegen 0.08/turn

%: no passive effects
@: confused, gold aura
A: horns 2, retaliatory headbutt
a: Renounce Religion, Potion Petition, Call Merchant, Bribe Branch


You were on level 2 of the Dungeon.
You worshipped Gozag.
Gozag was aware of your devotion.
You visited 1 branch of the dungeon, and saw 2 of its levels.

You collected 236 gold pieces.

Inventory:

Hand Weapons
 a - a +0 war axe (weapon)
Armour
 b - a +0 scale mail (worn)
 c - a +0 buckler (worn)
 h - a +0 pair of gloves (worn)
   (You found it on level 1 of the Dungeon)
Scrolls
 e - a scroll of fog {unknown}
 g - 3 scrolls of teleportation {unknown}
 i - a scroll of blinking {unknown}
 j - 3 scrolls of identify {unknown}
 n - a scroll of vulnerability {unknown}
Potions
 d - a potion of might {@q3}
 f - 2 potions of curing {unknown}
 k - a potion of magic {unknown}
 l - a potion of lignification {unknown}
 m - a potion of attraction {unknown}


   Skills:
 + Level 4.3 Fighting
 * Level 4.1 Axes
 + Level 4.3 Armour
 + Level 4.3 Shields


You had 3 spell levels left.
You didn't know any spells.
Your spell library was empty.

Dungeon Overview and Level Annotations

Branches:
Dungeon (2/15)

Altars:
Gozag

Shops:
D:1 :

Annotations:
D:2 Sigmund


Innate Abilities, Weirdness & Mutations

You have a pair of horns on your head.
You reflexively headbutt those who attack you in melee.


Message History

You closely miss the scorpion. The scorpion stings you.
You hit the scorpion.
The scorpion is moderately wounded.
The scorpion barely misses you. You furiously retaliate!
You headbutt the scorpion!
The scorpion stings you but does no damage.
You barely miss the scorpion. Your headbutt misses the scorpion.
The scorpion is severely wounded.
The scorpion stings you.
You completely miss the scorpion.
The scorpion is severely wounded.
The scorpion stings you.
You are poisoned.
The scorpion poisons you! The scorpion barely misses you.
You furiously retaliate!
You headbutt the scorpion!
You kill the scorpion!
Your Axes skill increases to level 4!
You have reached level 4!
You feel agile.
You feel very sick.
You feel sick.
You feel sick.
You feel sick.
You feel sick.
You feel sick.
You feel sick.
You feel sick.
You feel sick.
You feel sick.
You are no longer poisoned.
HP restored.
You now have 236 gold pieces (gained 8).
n - a scroll labelled BUBLOT DEELELEIS
Found a stone staircase leading up.
Found a stone staircase leading down.
There is a stone staircase leading up here.
A hobgoblin comes into view.
A hobgoblin is nearby!
The hobgoblin shouts!
No target in view!
No target in view!
No target in view!
No target in view!
No target in view!
No target in view!
No target in view!
Sigmund the Dreaded comes into view.
He is wielding a +4 scythe of distortion.
Sigmund shouts!
Sigmund points at you and mumbles some strange words.
You are confused.
You're too confused to move!
You're too confused to move!
Sigmund mumbles some strange words.
Sigmund flickers and vanishes!
Deactivating autopickup; reactivate with Ctrl-A.
You are too confused!
You feel less confused.
The hobgoblin hits you but does no damage.
You closely miss the hobgoblin.
The hobgoblin hits you but does no damage.
You barely miss the hobgoblin. You headbutt the hobgoblin.
The hobgoblin is almost dead.
The hobgoblin hits you. You block something's attack.
You barely miss the hobgoblin.
The hobgoblin is severely wounded.
You block the hobgoblin's attack.
You hear some strange, mumbled words.
A puff of flame appears from out of thin air!
The puff of flame hits you!
The hobgoblin hits you but does no damage.
You hit the hobgoblin but do no damage. You headbutt the hobgoblin.
You kill the hobgoblin!
Something hits you.
You blink.
Found a scroll labelled GEVOMA DAQUER MEN.
No target in view!
No target in view!
No target in view!
No target in view!
No target in view!
No target in view!
No target in view!
You hear some strange, mumbled words.
Something tries to affect you, but you resist.
Something hits you. Space warps around you.
You closely miss something.
You hear some strange, mumbled words.
You are confused.
You closely miss something. You headbutt something.
You hear some strange, mumbled words.
You are more confused.
You miss something. Something hits you.
You barely miss something. Something hits you. Space warps horribly around you!
* * * LOW HITPOINT WARNING * * *
You completely miss something. Your headbutt misses something.
Something hits you.
* * * LOW HITPOINT WARNING * * *
Space warps horribly around you!!
Ouch! That really hurt!
You die...
Your body crumbles into a pile of gold.

#.<##...# #.......
.....# ### .. .....###
#. #.. #...
.......###.###
#.####...?.
..............##.#....#
).......##..#.?#...#
.....##..##.##....##
.<...# #......#{@.#
.##### #.###....$######
.# #..............# .#
##...........#.#
.########.##.>.#...##
......<......#.#.#.#
.####.....##.........
## ##.######........##
####..######.........


There were no monsters in sight!

Vanquished Creatures
  A scorpion (D:2)
  2 worms (D:2)
  A dart slug (D:1)
  5 endoplasms (D:1)
  2 goblins (D:2)
  6 hobgoblins
  3 jackals (D:2)
  A quokka (D:2)
  3 ball pythons (D:1)
  3 bats
  A frilled lizard (D:1)
  4 kobolds
  3 rats
35 creatures vanquished.

Notes
Turn   | Place    | Note
-------+----------+-------------------------------------------
     0 | D:1      | EnegeticOcto the Minotaur Fighter began the quest for the
                  | Orb.
     0 | D:1      | Reached XP level 1. HP: 19/19 MP: 0/0
    99 | D:1      | Found a faded altar of an unknown god.
   105 | D:1      | Reached XP level 2. HP: 27/27 MP: 1/1
   118 | D:1      | Prayed at the altar of an unknown god.
   118 | D:1      | Became a worshipper of Gozag Ym Sagoz the Greedy
   475 | D:1      | Found Seur Odgh's Book Shoppe.
   712 | D:2      | Reached XP level 3. HP: 33/33 MP: 2/2
   797 | D:2      | Noticed a scorpion
   803 | D:2      | Killed a scorpion
   804 | D:2      | Reached XP level 4. HP: 29/41 MP: 3/3
   940 | D:2      | Noticed Sigmund
   956 | D:2      | HP: 2/41 [something (2)]
   956 | D:2      | Demolished by Sigmund

Illustrated notes

Levels and vault maps discovered:
D:1:      roderic_octagonal_star, layout_basic, ebering_ecumenical_altar_mist,
          serial_shops, nicolae_shop_pleasant_corner_grove
D:2:      layout_rooms, minivault_4, lexackson_kobold_supper, uniq_sigmund,
          uniq_terence, uniq_robin

Skill      XL: |  1  2  3 |
---------------+----------+-----
Axes           | 3 4 |  4.1
Armour         | 4 |  4.3
Fighting       | 4 |  4.3
Shields        | 4 |  4.3

Action                     |  1- 3 |  4- 6 || total
---------------------------+-------+-------++-------
  Melee: War axe           |    54 |     9 ||    63
         Headbutt          |     5 |     3 ||     8
 Armour: Scale mail        |    24 |     3 ||    27
  Dodge: Dodged            |    26 |       ||    26
  Block: Buckler           |    14 |     2 ||    16
